Map: Frozen Temple

Players

EJK

  • Race: Terran Terran

A.I. 1 (Very Easy) - Winner!

  • Race: Protoss Protoss

VOD

Have the link to the VOD?

Description

Time

  • Played on: Oct. 26, 2016, 1:33 p.m.
  • Length: 9:07
Show
View Real Time Build Order
Export as new Build Order

EJK Terran 

Build Orders: Mech 

Get SALT Encoding   

  12  0:00  SCV  
  13  0:13  SCV  
  14  0:17  Supply Depot  
  14  0:25  SCV  
  15  0:38  SCV  
  15  0:40  Barracks  
  16  0:51  SCV  
  17  1:03  SCV  
  18  1:15  SCV  
  18  1:16  Command Center, Unknown  
  19  1:27  Orbital Command  
  19  1:29  Marine  
  20  1:40  Refinery  
  20  1:42  Refinery  
  20  1:47  Marine  
  20  1:49  Supply Depot  
  20  1:54  SCV  
  22  2:05  Marine  
  23  2:11  SCV  
  24  2:23  SCV  
  24  2:25  Barracks Reactor  
  24  2:26  Marine  
  24  2:28  Factory, Unknown  
  26  2:30  Orbital Command  
  26  2:35  SCV  
  27  2:38  Engineering Bay  
  27  2:45  Barracks Reactor  
  27  2:47  SCV  
  28  2:58  SCV  
  29  2:59  SCV  
  30  3:10  SCV  
  30  3:11  SCV  
  30  3:12  Cyclone  
  35  3:13  Starport  
  35  3:17  Missile Turret  
  35  3:21  Marine x2  
  35  3:22  SCV  
  35  3:23  SCV  
  39  3:27  Supply Depot  
  39  3:34  SCV  
  39  3:35  SCV  
  39  3:39  Marine x2  
  43  3:45  Factory Tech Lab  
  43  3:46  SCV  
  43  3:48  SCV  
  45  3:50  Medivac, Supply Depot  
  47  3:57  Missile Turret  
  47  3:58  SCV  
  47  3:59  Marine  
  47  4:00  SCV, Marine  
  51  4:06  Siege Tank  
  54  4:10  Liberator  
  54  4:12  SCV  
  54  4:13  SCV  
  54  4:14  Supply Depot  
  54  4:15  Refinery  
  56  4:18  Refinery  
  56  4:24  SCV  
  56  4:25  SCV  
  61  4:31  Supply Depot  
  61  4:37  SCV x2  
  63  4:46  Siege Tank  
  63  4:49  SCV x2  
  68  4:53  Command Center, Unknown  
  68  4:55  Supply Depot  
  68  5:03  SCV x2  
  70  5:08  Barracks Tech Lab  
  70  5:14  Factory  
  70  5:16  SCV x2, Factory  
  70  5:20  Siege Tank  
  75  5:24  Supply Depot  
  75  5:33  SCV  
  75  5:34  SCV  
  77  5:35  Armory  
  77  5:45  Viking  
  77  5:46  SCV x2, Barracks Reactor  
  77  5:47  Supply Depot  
  81  5:53  Siege Tank  
  84  6:02  Hellion x2  
  88  6:04  Unknown  
  88  6:06  SCV x2, Orbital Command  
  88  6:09  Siege Tank  
  93  6:11  Supply Depot  
  93  6:21  SCV x2  
  93  6:24  Hellion x2  
  93  6:25  Siege Tank  
  102  6:26  Orbital Command  
  102  6:27  Terran Vehicle Weapons Level 1  
  102  6:33  SCV x2  
  104  6:45  SCV  
  104  6:46  SCV  
  106  6:54  Refinery  
  106  6:56  Supply Depot, Refinery  
  106  6:57  SCV, Missile Turret  
  106  6:58  SCV x2  
  106  7:01  Supply Depot, Siege Tank x2  
  115  7:02  Hellion x2  
  119  7:09  SCV, Supply Depot  
  119  7:10  SCV x2  
  122  7:17  Viking x2  
  122  7:21  SCV  
  122  7:22  SCV x2  
  129  7:25  Supply Depot  
  129  7:26  Supply Depot  
  129  7:27  Supply Depot  
  129  7:33  Siege Tank x2  
  129  7:34  Hellion x2  
  139  7:37  Factory  
  139  7:40  Factory  
  139  7:47  Viking  
  139  7:48  Viking  
  143  7:55  Hellion x2  
  143  7:58  Supply Depot x2  
  147  8:00  Supply Depot  
  147  8:05  Siege Tank x2  
  153  8:11  Command Center, Unknown  
  153  8:16  Hellion  
  153  8:17  Hellion  
  161  8:21  Factory Tech Lab  
  161  8:23  Factory Reactor  
  157  8:27  Armory  
  157  8:29  Viking x2  
  161  8:38  Hellion x2  
  161  8:40  Hellion x2  
  161  8:41  Hellion  
  171  8:43  Supply Depot  
  171  8:44  Supply Depot  
Show
View Real Time Build Order
Export as new Build Order

A.I. 1 (Very Easy) Protoss - Winner!

Build Orders: 1 Gate Expand, Nexus First 

Get SALT Encoding   

  12  0:01  Probe (Chrono Boost)  
  13  0:11  Probe (Chrono Boost)  
  14  0:20  Pylon  
  14  0:43  Gateway  
  14  1:02  Nexus, Unknown  
  14  1:21  Pylon  
  14  1:24  Assimilator  
  14  1:28  Zealot  
  16  1:38  Cybernetics Core  
  16  1:39  Probe (Chrono Boost)  
  17  1:50  Probe (Chrono Boost)  
  19  2:01  Probe (Chrono Boost), Assimilator  
  19  2:12  Probe (Chrono Boost)  
  19  2:13  Unknown  
  19  2:14  Stalker  
  20  2:16  Probe (Chrono Boost)  
  20  2:22  Warp Gate  
  23  2:24  Probe (Chrono Boost)  
  24  2:31  Probe (Chrono Boost)  
  25  2:39  Probe (Chrono Boost)  
  26  2:47  Probe (Chrono Boost), Pylon  
  27  2:53  Probe (Chrono Boost)  
  28  3:01  Probe (Chrono Boost)  
  29  3:09  Probe (Chrono Boost)  
  30  3:14  Probe (Chrono Boost)  
  30  3:17  Robotics Facility  
  31  3:22  Probe (Chrono Boost)  
  32  3:29  Probe (Chrono Boost)  
  32  3:30  Adept  
  35  3:36  Probe (Chrono Boost)  
  36  3:43  Probe (Chrono Boost)  
  37  3:51  Probe (Chrono Boost), Assimilator  
  38  3:57  Probe (Chrono Boost)  
  39  4:04  Observer, Assimilator  
  39  4:05  Probe (Chrono Boost)  
  41  4:12  Probe (Chrono Boost)  
  42  4:20  Probe (Chrono Boost)  
  43  4:24  Observer  
  43  4:26  Probe (Chrono Boost)  
  43  4:29  Pylon  
  45  4:34  Probe (Chrono Boost)  
  46  4:40  Probe (Chrono Boost)  
  47  4:45  Sentry  
  47  4:49  Probe (Chrono Boost)  
  49  5:01  Probe (Chrono Boost)  
  45  5:08  Probe (Chrono Boost)  
  46  5:15  Probe (Chrono Boost)  
  47  5:22  Probe (Chrono Boost)  
  48  5:30  Probe (Chrono Boost)  
  49  5:36  Probe (Chrono Boost)  
  50  6:20  Observer  
Tags
 
Add a new tag
Caveats
  • Supply blocks, unpowered buildings, or Contaminate may cause inaccurate times.
  • Supply counts are checked every 10 seconds.